Map: Interloper LE

Players

Winthrowe - Winner!

  • Race: Terran Terran
  • League: Silver
  • Spawn Location: 5:00

A.I. 1 (Harder)

  • Race: Zerg Zerg
  • Spawn Location: 11:00

VOD

Have the link to the VOD?

Description

Time

  • Played on: Aug. 19, 2017, 5:44 p.m.
  • Length: 12:16
Show
View Real Time Build Order
Export as new Build Order

Winthrowe Terran - Winner!

Build Orders: MMM Bio 

Get SALT Encoding   

  12  0:03  SCV  
  13  0:15  SCV  
  14  0:21  Supply Depot  
  14  0:27  SCV  
  15  0:44  Barracks  
  15  0:48  Refinery  
  15  0:49  SCV  
  16  1:01  SCV  
  16  1:03  Refinery  
  17  1:13  SCV  
  18  1:25  SCV  
  19  1:36  Barracks  
  19  1:37  Barracks Reactor, SCV  
  20  1:51  SCV  
  20  1:53  Supply Depot  
  21  2:03  SCV  
  22  2:15  SCV  
  23  2:19  Supply Depot  
  23  2:27  SCV  
  23  2:29  Barracks Tech Lab  
  24  2:33  Engineering Bay  
  24  2:36  Marine x2  
  26  2:55  Orbital Command  
  26  2:59  Engineering Bay  
  26  3:16  Command Center  
  26  3:22  Stimpack  
  26  3:26  Marine  
  27  3:27  Marine  
  28  4:02  Marine  
  28  4:03  Marine x2  
  28  4:04  Refinery  
  31  4:15  Terran Infantry Weapons Level 1  
  31  4:17  Terran Infantry Armor Level 1  
  31  4:20  Marine  
  31  4:21  Marine  
  33  4:25  Marauder  
  33  4:29  Refinery  
  35  4:38  Marine  
  35  4:39  Marine  
  35  4:43  Factory  
  37  4:46  Marauder  
  39  4:56  SCV  
  40  5:09  SCV  
  41  5:14  Planetary Fortress  
  41  5:18  Marauder  
  41  5:20  Marine  
  41  5:21  Marine, SCV  
  46  5:23  Combat Shields  
  46  5:33  SCV  
  47  5:36  Starport  
  47  5:39  Marauder  
  47  5:41  Marine x2  
  51  5:45  SCV  
  52  5:55  SCV  
  53  5:57  SCV  
  54  6:24  Armory  
  54  6:36  SCV x2  
  54  6:39  Marauder  
  51  6:42  Concussive Shells  
  40  6:48  SCV x2  
  40  6:51  Marine x2  
  39  6:57  Medivac  
  39  7:00  SCV, Marauder  
  44  7:09  Marine x2  
  44  7:10  Factory Reactor  
  44  7:21  Marauder  
  46  7:25  SCV x2  
  46  7:26  Marine  
  46  7:27  Marine, Medivac  
  52  7:37  SCV x2  
  52  7:43  Supply Depot  
  54  8:04  Marine x2  
  54  8:05  Cyclone, Marauder  
  61  8:06  Supply Depot  
  61  8:11  Cyclone  
  61  8:12  Terran Infantry Weapons Level 2  
  64  8:13  Terran Infantry Armor Level 2  
  64  8:18  Terran Vehicle And Ship Armor Level 1  
  64  8:22  Marine x2  
  64  8:26  Marauder  
  68  8:29  Supply Depot  
  68  8:30  SCV x2  
  70  8:37  Cyclone  
  70  8:40  Marine x2  
  75  8:42  SCV x2  
  77  8:51  Cyclone, Marauder  
  77  8:52  Supply Depot  
  77  8:54  SCV  
  77  8:55  Supply Depot, SCV  
  84  8:57  Supply Depot  
  84  8:58  Marine x2, Supply Depot  
  86  9:14  Hellion, Marauder  
  86  9:16  Marine x2  
  92  9:17  Supply Depot  
  92  9:22  Supply Depot  
  92  9:23  Hellion  
  94  9:33  Marine x2  
  94  9:36  Hellion, Marauder  
  100  9:40  Supply Depot  
  100  9:46  Supply Depot  
  100  9:51  Marine x2, Unknown  
  99  9:54  Unknown  
  99  9:56  Marine  
  99  9:57  Unknown  
  96  10:05  Supply Depot  
  96  10:08  Supply Depot  
  96  10:09  Marine x2  
  96  10:12  Medivac  
  100  10:15  Marauder  
  102  10:27  Marine x2  
  104  10:31  Supply Depot  
  104  10:32  Hellion x2  
  108  10:36  Marauder  
  108  10:42  Medivac  
  110  10:45  Marine x2  
  112  10:53  Hellion x2  
  115  11:11  Marine  
  115  11:12  Marine, Medivac  
  115  11:14  Hellion  
  115  11:15  Hellion  
  123  11:19  Marauder  
  123  11:21  Unknown  
  123  11:29  Marine  
  123  11:30  Marine  
  124  11:36  Hellion  
  126  11:40  Marauder  
  126  11:42  Medivac  
  126  11:44  Unknown  
  126  11:46  Hellion  
  132  11:47  Marine  
  132  11:48  Marine  
Show
View Real Time Build Order
Export as new Build Order

A.I. 1 (Harder) Zerg 

Build Orders: Pool First 

Get SALT Encoding   

  12  0:00  Drone  
  13  0:12  Overlord  
  13  0:17  Drone  
  14  0:31  Drone x2  
  16  0:43  Spawning Pool  
  16  0:45  Drone  
  16  0:50  Drone  
  16  0:52  Extractor  
  16  0:56  Drone  
  17  1:06  Overlord  
  17  1:31  Zergling x2  
  17  1:32  Queen  
  20  1:38  Drone  
  20  1:39  Roach Warren  
  20  1:41  Extractor  
  20  1:43  Zergling x2  
  20  1:49  Drone  
  21  2:00  Drone  
  22  2:10  Overlord  
  22  2:21  Drone  
  23  2:32  Roach  
  25  2:39  Drone  
  25  2:44  Overlord, Roach  
  28  2:55  Roach  
  30  3:06  Roach  
  30  3:09  Overlord  
  32  3:18  Roach, Drone  
  35  3:21  Drone  
  35  3:25  Drone  
  37  3:29  Ravager x3  
  37  3:30  Ravager  
  41  3:35  Roach  
  43  3:47  Roach  
  43  3:48  Overlord  
  45  3:56  Drone  
  45  3:58  Roach  
  48  4:06  Drone  
  48  4:08  Baneling Nest  
  48  4:14  Roach, Drone  
  48  4:15  Evolution Chamber  
  50  4:17  Drone  
  51  4:25  Drone  
  52  4:35  Roach  
  54  4:46  Overlord  
  54  4:47  Roach  
  56  6:18  Overlord, Zergling x2, Lair  
  56  6:19  Zerg Melee Weapons Level 1  
  56  6:21  Spore Crawler  
  56  6:22  Spore Crawler  
  56  6:23  Drone  
  56  6:25  Zergling x2  
  57  6:28  Hatchery  
  57  6:30  Drone  
  57  6:31  Zergling x2  
  58  6:39  Zergling x2  
  57  6:45  Zergling x2  
  44  7:03  Spine Crawler, Metabolic Boost  
  43  7:09  Spine Crawler  
  43  7:10  Drone  
  43  7:16  Burrow  
  43  7:19  Hydralisk Den, Drone  
  43  7:20  Infestation Pit  
  43  7:21  Drone  
  43  7:27  Overseer  
  43  7:37  Overseer  
  43  7:40  Queen  
  43  7:41  Drone x2  
  43  7:44  Drone x3  
  48  7:45  Drone x2  
  48  7:46  Extractor  
  48  7:47  Drone  
  48  7:51  Spore Crawler, Drone  
  53  7:55  Hydralisk  
  53  7:56  Drone x2  
  56  8:01  Drone  
  57  8:06  Drone  
  57  8:12  Drone  
  59  8:13  Zerg Missile Weapons Level 1  
  59  8:17  Drone  
  60  8:23  Drone  
  61  8:27  Hydralisk  
  61  8:28  Drone  
  61  8:30  Spore Crawler, Drone  
  61  8:32  Drone  
  61  8:34  Hydralisk  
  65  8:39  Overlord  
  67  8:44  Drone  
  67  8:46  Drone  
  67  8:47  Queen  
  74  8:54  Spine Crawler  
  74  8:55  Drone  
  77  8:58  Spine Crawler  
  77  8:59  Hydralisk  
  77  9:00  Drone  
  79  9:08  Spire  
  78  9:12  Evolution Chamber  
  78  9:13  Drone  
  78  9:47  Extractor  
  78  9:50  Zergling x2  
  73  9:54  Queen  
  73  9:56  Zergling x2  
  54  10:03  Zergling x2  
  54  10:06  Drone  
  53  10:09  Zergling x2, Drone x2  
  53  10:11  Drone  
  53  10:12  Overlord  
  54  10:16  Zergling x2  
  54  10:18  Drone  
  54  10:22  Roach  
  54  10:28  Hydralisk  
  54  10:32  Drone  
  54  10:35  Roach  
  54  10:38  Hydralisk  
  54  10:40  Zergling x2  
  57  10:48  Roach  
  59  10:54  Drone  
  55  10:57  Hydralisk, Roach  
  55  10:58  Zergling x2  
  55  11:04  Queen  
  54  11:08  Roach  
  50  11:14  Roach  
  49  11:19  Zergling x2  
  49  11:24  Evolution Chamber  
  45  11:26  Mutalisk, Zergling x2  
  45  11:32  Mutalisk  
  48  11:33  Zergling x2  
  42  11:40  Hydralisk Den  
  37  11:47  Zergling x2  
Tags
 
Composition
MMM Bio
League
Silver
Matchup
TvZ
Opening
Pool First
Spawn Locations
Cross Positions
Add a new tag
Caveats
  • Supply blocks, unpowered buildings, or Contaminate may cause inaccurate times.
  • Supply counts are checked every 10 seconds.